 Dungeon Crawl Stone Soup version 0.29-a0-409-gd843f3a48c (webtiles) character file.

Game seed: 7352621672552679255

213 thiscave3701365 the Chopper (level 5, -3/70 HPs)
             Began as a Minotaur Berserker on May 13, 2022.
             Was a Believer of Trog.
             Slain by a hornet (4 damage)
             ... on level 4 of the Dungeon.
             The game lasted 00:03:56 (3096 turns).

thiscave3701365 the Chopper (Minotaur Berserker)    Turns: 3096, Time: 00:03:56

Health: -3/70      AC: 10    Str: 24    XL:     5   Next: 59%
Magic:  4/4        EV:  9    Int:  4    God:    Trog [**....]
Gold:   161        SH:  0    Dex:  9    Spells: 4/4 levels left

rFire   . . .      SeeInvis .   a - +0 hand axe
rCold   . . .      Faith    .   (no shield)
rNeg    . . .      Spirit   .   g - +0 chain mail
rPois   .          Reflect  .   (helmet restricted)
rElec   .          Harm     .   (no cloak)
rCorr   .          Rampage  .   o - +0 pair of gloves
Will    .....                   (no boots)
Stlth   ..........              (no amulet)
HPRegen 0.21/turn               (no ring)
MPRegen 0.09/turn               (no ring)

@: berserking, lethally poisoned (-3 -> -17), slowed
A: horns 2, retaliatory headbutt
a: Renounce Religion, Berserk, Trog's Hand


You were on level 4 of the Dungeon.
You worshipped Trog.
Trog was pleased with you.
You visited 1 branch of the dungeon, and saw 4 of its levels.

You collected 161 gold pieces.

Inventory:

Hand Weapons
 a - a +0 hand axe (weapon)
Armour
 g - a +0 chain mail (worn)
 o - a +0 pair of gloves (worn)
Wands
 l - a wand of iceblast (12)
Scrolls
 d - 3 scrolls of magic mapping {unknown}
 f - a scroll of immolation {unknown}
 h - 2 scrolls of enchant weapon {unknown}
 i - a scroll of poison {unknown}
 j - a scroll of fear {unknown}
 k - 2 scrolls of teleportation {unknown}
 m - a scroll of enchant armour {unknown}
 n - a scroll of identify {unknown}
Potions
 b - a potion of berserk rage {unknown}
 c - 2 potions of curing {unknown}
 e - a potion of attraction {unknown}
 p - a potion of might {unknown}


   Skills:
 + Level 4.9 Fighting
 + Level 4.9 Axes
 + Level 4.0 Armour
 + Level 3.8 Dodging


You had 4 spell levels left.
You didn't know any spells.
Your spell library was empty.

Dungeon Overview and Level Annotations

Branches:
Dungeon (4/15)
 Temple: D:4-7

Altars:
Nemelex Xobeh


Innate Abilities, Weirdness & Mutations

You have a pair of horns on your head.
You reflexively headbutt those who attack you in melee.


Message History

A giant cockroach comes into view.
You closely miss the hornet.
You feel yourself speed up. The hornet stings you.
You feel yourself slow down.
The hornet stings you but does no damage.
There are monsters nearby!
You fail to use your ability.
You feel yourself speed up. The hornet stings you!
You feel yourself slow down. The hornet barely misses you.
The hornet stings you.
You are poisoned.
You feel as though you will be slow longer.
Unknown command.
You are too injured to fight recklessly!
A red film seems to cover your vision as you go berserk!
You feel yourself moving faster!
You feel mighty!
You feel very sick.
The hornet stings you but does no damage.
The endoplasm hits you but does no damage.
The hornet stings you!
* * * LOW HITPOINT WARNING * * *
You feel as though you will be slow longer.
You hit the hornet but do no damage. You hit the endoplasm.
You feel sick. The hornet stings you!
* * * LOW HITPOINT WARNING * * *
You are lethally poisoned!
You feel as though you will be slow longer.
The endoplasm barely misses you.
Unknown command.
You barely miss the hornet. You hit the endoplasm.
You kill the endoplasm!
Trog accepts your kill.
You hit the giant cockroach.
You feel the power of Trog in you as your rage grows.
You kill the giant cockroach!
Trog accepts your kill.
* * * LOW HITPOINT WARNING * * *
You feel very sick. The hornet stings you.
You die...

#............#
.........#.#...##
.............###
.^......#..###
...........#
...........##
.......###..#
..........#.##
...#..@#....#
.....#.y####...#
......>.. ...#
....<..... #..#
...#...##.. #...
.. .... ### [.. .
....# .....


You could see a hornet.

Vanquished Creatures
  A hound (D:3)
  10 adders
  3 worms
  2 dart slugs
  8 bats
  5 endoplasms
  3 giant cockroaches
  4 goblins
  4 hobgoblins
  16 jackals
  3 quokkas
  7 ball pythons
  5 frilled lizards
  6 kobolds
  4 rats
81 creatures vanquished.

Vanquished Creatures (others)
  A plant (D:1)
1 creature vanquished.

Grand Total: 82 creatures vanquished

Notes
Turn   | Place    | Note
-------+----------+-------------------------------------------
     0 | D:1      | thiscave3701365 the Minotaur Berserker began the quest for
                  | the Orb.
     0 | D:1      | Reached XP level 1. HP: 19/19 MP: 0/0
   126 | D:1      | Reached XP level 2. HP: 19/27 MP: 1/1
   810 | D:1      | Reached XP level 3. HP: 33/33 MP: 2/2
  1381 | D:2      | Reached XP level 4. HP: 40/40 MP: 3/3
  1386 | D:2      | Reached ** piety under Trog
  2436 | D:3      | Reached XP level 5. HP: 43/47 MP: 4/4
  2718 | D:3      | Found a sparkling altar of Nemelex Xobeh.
  3090 | D:4      | Noticed a hornet
  3096 | D:4      | HP: 1/70 [poisoned by a hornet]
  3096 | D:4      | Slain by a hornet

Illustrated notes

Levels and vault maps discovered:
D:1:      giann_bridges, layout_rooms
D:2:      layout_rooms
D:3:      layout_basic, mainiacjoe_overflow_boulevard, kennysheep_potato
D:4:      minmay_evil_eye, layout_rooms, gammafunk_ghost_split,
          nicolae_wooded_promenade, minmay_circle_x

Skill      XL: |  1  2  3  4  5 |
---------------+----------------+-----
Axes           | 4 |  4.9
Fighting       | 4 |  4.9
Armour         | 3 4 |  4.0
Dodging        | 3 |  3.8

Action                   |  1- 3 |  4- 6 || total
-------------------------+-------+-------++-------
Melee: Hand axe          |    73 |    74 ||   147
       Headbutt          |    10 |     4 ||    14
Invok: Berserk           |     3 |     5 ||     8
Armor: Animal skin       |    18 |    11 ||    29
       Chain mail        |       |    21 ||    21
Dodge: Dodged            |    53 |    46 ||    99

Table legend: (Time is in decaauts)
 A = Elapsed time spent in this place.
 B = Non-inter-level travel time spent in this place.
 C = Inter-level travel time spent in this place.
 D = Time resting spent in this place.
 E = Time spent auto-exploring this place.
 F = Levels seen in this place.
 G = Mean time per level.
                   A        B        C        D        E       F      G
               +--------+--------+--------+--------+--------+-----+--------+
         Total |   3179 |   3050 |    129 |   1080 |   1605 |   4 |  794.8 |
       Dungeon |   3179 |   3050 |    129 |   1080 |   1605 |   4 |  794.8 |
               +--------+--------+--------+--------+--------+-----+--------+

Top non-repeatable levels by time:
     D:2: 1565 daAuts
     D:1: 854 daAuts
     D:3: 737 daAuts
     D:4: 21 daAuts
